 Dungeon Crawl Stone Soup version 0.16-a0-3325-g64f94fb (webtiles) character file.

304 Armakuni the Cutter (level 6, -2/44 HPs)
             Began as a Vampire Gladiator on Dec 27, 2014.
             Was a Follower of Dithmenos.
             Slain by an adder (5 damage)
             ... on level 4 of the Dungeon.
             The game lasted 00:11:22 (2746 turns).

Armakuni the Cutter (Vampire Gladiator)             Turns: 2746, Time: 00:11:22

Health: -2/44      AC:  6    Str: 16    XL:     6   Next: 15%
Magic:  7/7        EV: 13    Int: 10    God:    Dithmenos [*.....]
Gold:   145        SH:  0    Dex: 14    Spells: 0 memorised, 5 levels left

rFire  . . .     SeeInvis +     j - +1 short sword of Corruption {pierce, MR+} (curse)
rCold  . . .     Clarity  .     g - +0 leather armour
rNeg   . . .     SustAb   .     (no shield)
rPois  .         Gourm    .     c - +0 helmet
rElec  .         Spirit   .     l - +0 cloak
rCorr  .         Warding  .     k - +0 pair of gloves
rMut   .         Rnd*Tele +     (no boots)
MR     ++...                    (no amulet)
Stlth  +++.......               T - ring of teleportation (curse)
                                M - ring of protection from magic

@: lethally poisoned, regenerating quickly, wreathed by umbra, very resistant to
hostile enchantments, fairly stealthy
A: bottle blood, fangs 3, see invisible, unbreathing
a: Renounce Religion, Evoke Teleportation


You were on level 4 of the Dungeon.
You worshipped Dithmenos.
Dithmenos was aware of your devotion.
You were very full.

You visited 1 branch of the dungeon, and saw 4 of its levels.

You collected 145 gold pieces.

Inventory:

Hand weapons
 a - a +0 rapier
 e - a +0 dagger
 j - the cursed +1 short sword of Corruption (weapon) {pierce, MR+}
   (You found it on level 4 of the Dungeon)

   It inflicts extra damage upon your enemies.
   It affects your resistance to hostile enchantments.
   It has a curse placed upon it.
 n - a +0 blowgun
Missiles
 d - 3 throwing nets (quivered)
 f - 57 stones
 o - 28 poisoned needles
Armour
 c - a +0 helmet (worn)
 g - a +0 leather armour (worn)
 k - a +0 pair of gloves (worn)
 l - a +0 cloak (worn)
Rods
 p - a +2 rod of shadows (13/13)
   (You found it on level 3 of the Dungeon)
Jewellery
 M - a ring of protection from magic (left hand)
 P - a +1 ring of protection
 T - a cursed ring of teleportation (right hand)
Potions
 b - a potion of magic
 h - 3 potions of curing
 m - a potion of poison
 q - a potion of heal wounds {unknown}
 r - a potion of restore abilities {unknown}
 s - a potion of degeneration {unknown}


   Skills:
 - Level 1.7 Fighting
 - Level 5.9 Short Blades
 - Level 1.5 Throwing
 - Level 3.2 Dodging
 - Level 4.7 Stealth
 + Level 1.5 Invocations
 + Level 1.5 Evocations


You had 5 spell levels left.
You didn't know any spells.

Dungeon Overview and Level Annotations

Branches:
Dungeon (4/15)
 Temple: D:4-7

Altars:
Cheibriados
Dithmenos
Elyvilon
Yredelemnul
The Shining One

Shops:
D:4 (

Annotations:
D:3 runed door


Innate Abilities, Weirdness & Mutations

Your natural rate of healing is unusually fast.
You can bottle blood from corpses.
You have razor-sharp teeth.
You have supernaturally acute eyesight.
You can survive without breathing.


Message History

You miss the adder. The adder completely misses you.
The adder barely misses you.
You closely miss the adder. The adder bites you but does no damage.
You barely miss the adder. Your bite misses the adder.
You feel sick.
You are no longer poisoned.
The orc closely misses you. The adder closely misses you.
You barely miss the adder. The orc completely misses you.
The adder barely misses you.
You closely miss the adder. Your bite misses the adder. The adder bites you.
You are poisoned.
The adder poisons you!
You barely miss the adder.
You feel sick. The orc completely misses you. The adder closely misses you.
You barely miss the adder. The adder bites you.
* * * LOW HITPOINT WARNING * * *
The orc hits you with a mace!
* * * LOW HITPOINT WARNING * * *
The adder misses you.
You miss the adder. The adder bites you.
You die...

#######.###.# #.# #.# #.#
#.# #.# #.# ..#######.#
#.# ##.###.# .........%#
#.####...##.# ...#####..#
#.#.......รท.. #..#
#.#.##...##[# #..#
#.#.###.###.#
#..###...........#
#@o)..............
#%.....SS######.##.######
........# # #.# .....#..#
#.# . ....###.# #.# .##
... ..# #.# ..# . ... #.#
#.# .## #.# #.# . # #.#


You could see 2 adders and an orc.

Vanquished Creatures
  An ogre (D:4)
  2 orc priests
  An orc wizard (D:3)
  2 adders
  4 gnolls (D:4)
  2 giant mites (D:4)
  An adder zombie (D:4)
  7 giant geckos
  An ooze (D:3)
  2 orcs (D:3)
  3 ball pythons
  A giant cockroach (D:2)
  7 hobgoblins
  9 kobolds
  A quokka (D:2)
  5 bats
  2 giant newts
  9 goblins
  A quokka skeleton (D:3)
  13 rats
74 creatures vanquished.

Notes
Turn   | Place    | Note
--------------------------------------------------------------
     0 | D:1      | Armakuni, the Vampire Gladiator, began the quest for the Orb.
     0 | D:1      | Reached XP level 1. HP: 16/16 MP: 1/1
   213 | D:1      | Reached skill level 1 in Stealth
   223 | D:1      | Reached XP level 2. HP: 16/22 MP: 2/2
   605 | D:1      | Reached skill level 4 in Short Blades
   775 | D:2      | Reached XP level 3. HP: 27/27 MP: 3/3
  1474 | D:3      | Found a shadowy altar of Dithmenos.
  1475 | D:3      | Found a basalt altar of Yredelemnul.
  1477 | D:3      | Found a white marble altar of Elyvilon.
  1481 | D:3      | Became a worshipper of Dithmenos the Shadowed
  1598 | D:3      | Reached XP level 4. HP: 30/33 MP: 4/4
  1610 | D:3      | Reached skill level 5 in Short Blades
  2037 | D:3      | Found a glowing golden altar of the Shining One.
  2037 | D:3      | Noticed an angel
  2038 | D:3      | Found a runed door.
  2109 | D:4      | Noticed an ogre
  2114 | D:4      | Identified a +2 rod of shadows (13/13) (You found it on level 3 of the Dungeon)
  2117 | D:4      | Killed an ogre
  2117 | D:4      | Reached XP level 5. HP: 14/38 MP: 5/5
  2216 | D:4      | Found Herull's Weapon Shop.
  2239 | D:4      | Got a smoking short sword
  2240 | D:4      | Identified the cursed +1 short sword of Corruption {pierce, MR+} (You found it on level 4 of the Dungeon)
  2281 | D:4      | Found a snail-covered altar of Cheibriados.
  2298 | D:4      | Reached skill level 1 in Invocations
  2370 | D:4      | Reached skill level 1 in Evocations
  2563 | D:4      | Reached XP level 6. HP: 32/44 MP: 5/7
  2746 | D:4      | Slain by an adder

Action                   |  1- 3 |  4- 6 || total
-------------------------+-------+-------++-------
Melee: Rapier            |   163 |    32 ||   195
       Short sword       |       |    69 ||    69
Throw: Throwing net      |     3 |     1 ||     4
  Use: Scroll            |     2 |     4 ||     6
       Potion            |     1 |     5 ||     6
 Stab: Sleeping          |     3 |     5 ||     8
       Distracted        |       |     1 ||     1
       Invisible         |       |     1 ||     1
       Held in net/web   |       |     1 ||     1
  Eat: Corpse            |    15 |     8 ||    23
